 Dungeon Crawl Stone Soup version 0.28-a0-199-g298df9dbad (webtiles) character file.

Game seed: 16050470614615173141

521 lunkers the Magician (level 7, -5/52 HPs)
             Began as a Djinni Fire Elementalist on Aug 19, 2021.
             Slain by a killer bee (7 damage)
             ... on level 3 of the Dungeon.
             The game lasted 00:08:03 (4897 turns).

lunkers the Magician (Djinni Fire Elementalist)     Turns: 4897, Time: 00:08:03

Health: -5/52      AC:  3    Str:  7    XL:     7   Next: 46%
Gold:   126        EV: 12    Int: 18    God:
                   SH:  0    Dex: 14

rFire   + + .      SeeInvis .   q - +2 dagger (elec)
rCold   x . .      Faith    .   (no shield)
rNeg    . . .      Spirit   .   a - +0 robe
rPois   ∞          Reflect  .   o - +0 helmet
rElec   .          Harm     .   (no cloak)
rCorr   .          Rampage  .   (no gloves)
Will    .....                   (boots unavailable)
Stlth   ++........              (no amulet)
HPRegen 0.17/turn               (no ring)
MPRegen 0.00/turn               (no ring)

@: flying, very slightly contaminated
A: sickness immunity, fire resistance 2, cold vulnerability 1, float, innate
caster, hp casting, extra vitality 1
a: no special abilities


You were on level 3 of the Dungeon.
You visited 1 branch of the dungeon, and saw 4 of its levels.

You collected 126 gold pieces.

Inventory:

Hand Weapons
 k - a +2 spectral club
 q - a +2 dagger of electrocution (weapon)
Armour
 a - a +0 robe (worn)
 o - a +0 helmet (worn)
Wands
 n - a wand of flame (16)
Scrolls
 b - 4 scrolls of identify {unknown}
 c - a scroll of brand weapon {unknown}
 d - a scroll of torment {unknown}
 e - a scroll of fear {unknown}
 g - a scroll of vulnerability {unknown}
 i - a scroll of enchant armour {unknown}
 m - 3 scrolls of teleportation {unknown}
Potions
 f - a potion of mutation {unknown}
 h - a potion of might {unknown}
 j - a potion of attraction {unknown}
 l - 2 potions of curing {unknown}
 p - a potion of resistance {unknown}
 r - a potion of heal wounds {unknown}
 s - a potion of flight {unknown}


   Skills:
 + Level 4.0 Fighting
 - Level 2.1 Dodging
 - Level 1.5 Stealth
 * Level 5.2 Spellcasting


You couldn't memorise any spells.
You knew the following spells:

 Your Spells              Type           Power      Damage    Failure   Level
a - Foxfire               Conj/Fire      92%        2x1d8     1%          1
b - Conjure Flame         Conj/Fire      23%        6-21      4%          3
c - Inner Flame           Hex/Fire       23%        N/A       4%          3
d - Sticky Flame          Conj/Fire      23%        2d4       16%         4
e - Fireball              Conj/Fire      11%        3d7       38%         5
f - Summon Small Mammal   Summ           92%        N/A       1%          1
g - Call Imp              Summ           23%        N/A       2%          2
h - Wereblood             Tmut           23%        N/A       2%          2
Your spell library was empty.

Dungeon Overview and Level Annotations

Branches:
Dungeon (4/15)
 Temple: D:4-7

Altars:
Qazlal


Innate Abilities, Weirdness & Mutations

You are immune to sickness and miasma.
You are immune to poison.
Your flesh is very heat resistant. (rF++)
You are vulnerable to cold. (rC-)
You float through the air rather than walking.
You learn spells naturally, not from books.
Your magical power is your life essence.
You have superior vitality. (+4 HP)


Message History

You conjure some foxfire!
The killer bee stings you! The killer bee closely misses you.
You hit the killer bee but do no damage.
The foxfire hits the killer bee.
The killer bee is moderately wounded.
The killer bee closely misses you. The killer bee stings you.
* * * LOW HITPOINT WARNING * * *
Casting: Foxfire (safe; 1% risk of failure)
Confirm with . or Enter, or press ? or * to list all spells.
You conjure some foxfire!
* * * LOW HITPOINT WARNING * * *
The killer bee barely misses you. The killer bee stings you.
* * * LOW HITPOINT WARNING * * *
You miss the killer bee.
The killer bee is moderately wounded.
The foxfire hits the killer bee.
The killer bee is heavily wounded.
The killer bee barely misses you. x2
You barely miss the killer bee.
The killer bee is heavily wounded.
The killer bee stings you!
* * * LOW HITPOINT WARNING * * *
The killer bee stings you!
* * * LOW HITPOINT WARNING * * *
Casting: Foxfire (safe; 1% risk of failure)
Confirm with . or Enter, or press ? or * to list all spells.
You miscast Foxfire.
You are very lightly contaminated with residual magic.
Nothing appears to happen.
* * * LOW HITPOINT WARNING * * *
The killer bee stings you!
* * * LOW HITPOINT WARNING * * *
The killer bee barely misses you.
Unknown command.
Aiming: Throw Flame
Press: ? - help, Shift-Dir - straight line, f - killer bee
Aim: a killer bee (moderately wounded, 39% to hit)
The puff of flame misses the killer bee.
The killer bee closely misses you. The killer bee stings you!
You die...

.≈..# #..# #.# #.# #.#
.≈..# #..# #.# #.# #.#
≈≈..# #..# #.# #.# #.#
....# #..# #.# #.# #.#
#...# #..####.# #.# #.#
##### #.....#.# #.# #.#
#.###.#.# #.# #.#
##########.###.#.# #.#
#.# ...............y@#
#.# #.#
###.######.###.######.#
#.# ##'######.#
#....[.#.# #.#
#......##.# #......#.#
#.# #......##.#
#......'.# #.#
#......##.####.....###
#.#
#......##.......[..#
#.#
#......######......#
#.# #......# #......#
#.#


You could see a killer bee.

Vanquished Creatures
  A bullfrog (D:4)
  2 scorpions (D:4)
  2 killer bees (D:3)
  Jessica (D:2)
  Natasha (thrice) (D:2)
  An iguana (D:3)
  A hound skeleton (D:4)
  4 adders
  2 dart slugs
  An orc (D:3)
  6 ball pythons
  6 endoplasms
  4 giant cockroaches
  7 goblins
  8 hobgoblins
  7 kobolds
  4 quokkas
  5 bats
  5 frilled lizards
  6 rats
76 creatures vanquished.

Vanquished Creatures (others)
  378 foxfires
378 creatures vanquished.

Grand Total: 454 creatures vanquished

Notes
Turn   | Place    | Note
-------+----------+-------------------------------------------
     0 | D:1      | lunkers the Djinni Fire Elementalist began the quest for
                  | the Orb.
     0 | D:1      | Reached XP level 1. HP: 15/15 MP: 0/0
   389 | D:1      | Reached XP level 2. HP: 16/22 MP: 0/0
   775 | D:1      | Reached skill level 1 in Fighting
  1088 | D:1      | Reached XP level 3. HP: 23/27 MP: 0/0
  1088 | D:1      | Learned a level 1 spell: Summon Small Mammal
  1176 | D:1      | Reached skill level 3 in Spellcasting
  2102 | D:2      | Found a faded altar of an unknown god.
  2106 | D:2      | Reached XP level 4. HP: 29/32 MP: 0/0
  2225 | D:2      | Noticed Natasha
  2231 | D:2      | Killed Natasha
  2529 | D:2      | Noticed Natasha
  2532 | D:2      | Killed Natasha
  2533 | D:2      | Reached XP level 5. HP: 31/38 MP: 0/0
  2533 | D:2      | Learned a level 2 spell: Call Imp
  2604 | D:2      | Noticed Natasha
  2615 | D:2      | Killed Natasha
  2889 | D:2      | Noticed Jessica
  2893 | D:2      | Killed Jessica
  2894 | D:2      | Reached skill level 4 in Spellcasting
  3154 | D:3      | Found a stormy altar of Qazlal.
  3231 | D:3      | Reached XP level 6. HP: 35/45 MP: 0/0
  4403 | D:4      | Reached XP level 7. HP: 30/50 MP: 0/0
  4403 | D:4      | Learned a level 2 spell: Wereblood
  4691 | D:4      | Reached skill level 5 in Spellcasting
  4896 | D:3      | HP: 1/52 [killer bee (8)]
  4897 | D:3      | Slain by a killer bee

Illustrated notes

Levels and vault maps discovered:
D:1:      lightli_arrival_flooded_house, layout_basic
D:2:      layout_rooms, hellmonk_ecumenical_altar_arch_garden, uniq_natasha,
          uniq_jessica
D:3:      layout_basic, mainiacjoe_overflow_concentric_impassable
D:4:      layout_gridville

Skill      XL: |  1  2  3  4  5  6  7 |
---------------+----------------------+-----
Fighting       | 1 2 3 4 |  4.0
Spellcasting   | 3 4 5 |  5.2
Dodging        | |  2.1
Stealth        | |  1.5

Action                   |  1- 3 |  4- 6 |  7- 9 || total
-------------------------+-------+-------+-------++-------
Melee: Unarmed           |    11 |     4 |       ||    15
       Club              |       |     4 |       ||     4
       Dagger            |       |       |     9 ||     9
 Cast: Foxfire           |    87 |   118 |    14 ||   219
Evoke: Wand              |       |       |     1 ||     1
Armor: Robe              |     4 |     7 |     6 ||    17
Dodge: Dodged            |    15 |    26 |    16 ||    57

Table legend: (Time is in decaauts)
 A = Elapsed time spent in this place.
 B = Non-inter-level travel time spent in this place.
 C = Inter-level travel time spent in this place.
 D = Time resting spent in this place.
 E = Time spent auto-exploring this place.
 F = Levels seen in this place.
 G = Mean time per level.
                   A        B        C        D        E       F      G
               +--------+--------+--------+--------+--------+-----+--------+
         Total |   4899 |   4804 |     95 |    330 |   3850 |   4 | 1224.8 |
       Dungeon |   4899 |   4804 |     95 |    330 |   3850 |   4 | 1224.8 |
               +--------+--------+--------+--------+--------+-----+--------+

Top non-repeatable levels by time:
     D:1: 1681 daAuts
     D:2: 1472 daAuts
     D:3: 1144 daAuts
     D:4: 601 daAuts
